 Dungeon Crawl Stone Soup version 0.26.1-11-gd32895ea62 (webtiles) character file.

Game seed: 209144186897177455

151 Zeld the Cudgeller (level 5, 0/34 HPs)
             Began as an Octopode Warper on May 16, 2021.
             Slain by a worm (7 damage)
             ... on level 3 of the Dungeon.
             The game lasted 00:05:00 (4222 turns).

Zeld the Cudgeller (Octopode Warper)                Turns: 4222, Time: 00:05:00

Health: 0/34       AC:  1    Str: 12    XL:     5   Next: 33%
Magic:  7/9        EV: 13    Int: 15    God:
Gold:   86         SH:  0    Dex: 11    Spells: 1/9 levels left

rFire    . . .     SeeInvis .   o - +0 mace
rCold    . . .     Faith    .   (no shield)
rNeg     . . .     Spirit   .   (helmet restricted)
rPois    .         Reflect  .   (no amulet)
rElec    .         Harm     .   (no ring)
rCorr    .         Rampage  .   (no ring)
Will     .....                  (no ring)
Stlth    ++........             (no ring)
HPRegen  0.11/turn              (no ring)
MPRegen  0.11/turn              (no ring)
                                (no ring)
                                (no ring)

@: no status effects
A: almost no armour, stealthy swim, amphibious, 8 rings, constrict 8, camouflage
1, gelatinous body 1
a: no special abilities


You were on level 3 of the Dungeon.
You visited 1 branch of the dungeon, and saw 3 of its levels.

You collected 86 gold pieces.

Inventory:

Hand Weapons
 a - a +0 mace
 o - a +0 mace (weapon)
Missiles
 b - 5 boomerangs of dispersal
 m - 3 boomerangs (quivered)
Jewellery
 k - a +4 ring of protection {unknown}
 r - an uncursed ring of willpower {unknown}
Wands
 q - a wand of acid (16)
Scrolls
 c - a scroll of blinking
 d - a scroll of magic mapping {unknown}
 f - a scroll of teleportation {unknown}
 h - 3 scrolls of identify {unknown}
 j - 2 scrolls of fog {unknown}
 l - 2 scrolls of noise {unknown}
 s - a scroll of remove curse {unknown}
Potions
 e - 3 potions of curing {unknown}
 g - 2 potions of magic {unknown}
 i - a potion of attraction {unknown}
 n - 2 potions of flight {unknown}
 p - a potion of cancellation {unknown}


   Skills:
 - Level 2.0 Fighting
 * Level 4.0 Maces & Flails
 - Level 1.0 Throwing
 - Level 2.3 Dodging
 + Level 2.9 Spellcasting
 + Level 3.9 Translocations


You had one spell level left.
You knew the following spells:

 Your Spells              Type           Power        Failure   Level
a - Blink                 Tloc           N/A          6%          2
b - Gell's Gravitas       Tloc           7%           12%         3
c - Lesser Beckoning      Tloc           7%           12%         3

Your spell library contained the following spells:

 Spells                   Type           Power        Failure   Level
 Teleport Other           Tloc           14%          12%         3
 Passage of Golubria      Tloc           N/A          36%         4


Dungeon Overview and Level Annotations

Branches:
Dungeon (3/15)

Altars:
Ashenzari


Innate Abilities, Weirdness & Mutations

You cannot wear most types of armour.
You are very stealthy in the water. (Stealth+)
You are amphibious.
You can wear up to eight rings at the same time.
You can use your tentacles to constrict eight enemies at once.
Your skin changes colour to match your surroundings (Stealth+).
Your rubbery body absorbs attacks. (AC +1, EV +1)


Message History

You see here 21 stones.
r - a silver ring You hear the drain falling apart.
s - a scroll labelled HAR URGHOIFASTU You open the door.
There is an open door here.
The walls and floor vibrate strangely for a moment.
The orc wizard shouts!
You hear a shout!
The orc wizard casts a cantrip, but nothing happens.
An orc wizard is nearby!
An orc wizard is nearby!
The orc wizard looks braver for a moment.
You hit the worm. You grab the worm.
The worm is lightly wounded.
You constrict the worm. The worm bites you!
* * * LOW HITPOINT WARNING * * *
Casting: Blink (safe; 6% risk of failure)
Confirm with . or Enter, or press ? or * to list all spells.
You blink.
You constrict the worm. The worm bites you!
You die...

############################
#.(#...#...#......w.....#...
#......'..)+†...##=.#...#..#
#([#...#...#.##.w...#.#....#
#####'######.....##...#..#.#
#.................†......#..
###########.################
#@# #w# #§# #.# #.# #.# #.#
#o# #.#


You could see a worm and an orc wizard.

Vanquished Creatures
  5 adders
  3 gnolls
  An ooze (D:3)
  3 leopard geckos
  4 orcs (D:3)
  9 bats
  2 giant cockroaches (D:2)
  7 goblins
  6 hobgoblins
  8 jackals
  5 kobolds
  A quokka (D:2)
  3 frilled lizards
  10 rats
67 creatures vanquished.

Vanquished Creatures (others)
  10 plants (D:1)
10 creatures vanquished.

Grand Total: 77 creatures vanquished

Notes
Turn   | Place    | Note
-------+----------+-------------------------------------------
     0 | D:1      | Zeld the Octopode Warper began the quest for the Orb.
     0 | D:1      | Reached XP level 1. HP: 14/14 MP: 3/3
    12 | D:1      | Found a broken altar of Ashenzari.
   127 | D:1      | Reached XP level 2. HP: 13/19 MP: 5/5
   855 | D:1      | Reached XP level 3. HP: 22/24 MP: 6/6
   858 | D:1      | Learned a level 2 spell: Blink
   862 | D:1      | Learned a level 3 spell: Gell's Gravitas
  1303 | D:2      | Reached skill level 3 in Maces & Flails
  2268 | D:1      | Reached XP level 4. HP: 29/29 MP: 7/7
  2787 | D:1      | Learned a level 3 spell: Lesser Beckoning
  3749 | D:3      | Reached XP level 5. HP: 12/34 MP: 9/9
  4156 | D:3      | Reached skill level 4 in Maces & Flails
  4222 | D:3      | Slain by a worm

Illustrated notes

Levels and vault maps discovered:
D:1:      amcnicky_arrival_blooded_trapdoor, layout_rooms, serial_forest,
          infiniplex_forest_straight_4, infiniplex_forest_join,
          infiniplex_forest_straight_2, infiniplex_forest_lined_room_2,
          infiniplex_forest_clump_cross, infiniplex_forest_clump_double,
          infiniplex_forest_end_2, infiniplex_forest_zigzag_1,
          infiniplex_forest_straight_2, infiniplex_forest_clump_long,
          ashenzari_altar_1
D:2:      layout_basic
D:3:      minmay_thinvault, layout_rooms, gup_sewer_entry_spiral,
          ebering_dispersal_statue_hall

Skill      XL: |  1  2  3  4  5 |
---------------+----------------+-----
Maces & Flails | 3 4 |  4.0
Fighting       | |  2.0
Throwing       | |  1.0
Dodging        | |  2.3
Spellcasting   | |  2.9
Translocations | |  3.9

Action                   |  1- 3 |  4- 6 || total
-------------------------+-------+-------++-------
Melee: Mace              |    76 |    75 ||   151
       Constrict         |    19 |    18 ||    37
       Tentacles         |    15 |    13 ||    28
 Cast: Blink             |     3 |     2 ||     5
       Gell's Gravitas   |     2 |       ||     2
       Lesser Beckoning  |       |     1 ||     1
 Stab: Sleeping          |     3 |     5 ||     8
Armor: Skin              |     8 |     4 ||    12
Dodge: Dodged            |    92 |    44 ||   136
